 Dungeon Sprint DCSS version 0.22-a0-467-g5c5de1c (webtiles) character file.

5394 emperorscorpion the Eclecticist (level 10, -10/54 HPs)
             Began as a Deep Elf Air Elementalist on June 10, 2018.
             Was a High Priest of Sif Muna.
             Killed from afar by a lindwurm (40 damage)
             ... with a blast of flame
             ... in the Dungeon (Sprint IX: "|||||||||||||||||||||||||||||").
             The game lasted 00:05:51 (650 turns).

emperorscorpion the Eclecticist (DEAE)               Turns: 650, Time: 00:05:52

Health: -10/54     AC:  4    Str:  8    XL:     10   Next: 40%
Magic:  10/31      EV: 18    Int: 26    God:    Sif Muna [*****.]
Gold:   0          SH:  0    Dex: 16    Spells: 4/40 levels left

rFire    . . .     SeeInvis .   b - staff of energy
rCold    . . .     Gourm    .   (no shield)
rNeg     . . .     Faith    .   p - +0 robe
rPois    .         Spirit   .   s - +0 helmet
rElec    .         Reflect  .   (no cloak)
rCorr    .         Harm     .   (no gloves)
MR       +....     NoTele   +   r - +0 pair of boots
Stlth    ++++......             (no amulet)
HPRegen  0.18/turn              t - +3 ring of intelligence
MPRegen  0.22/turn              u - +3 ring of strength

@: swift, deflect missiles, very quick
A: no striking features
a: Divine Energy, Channel Magic, Forget Spell, Renounce Religion


You were in the Dungeon.
You worshipped Sif Muna.
Sif Muna was extremely pleased with you.
You were not hungry.

You visited 1 branch

Inventory:

Hand Weapons
 a - a +4 rapier of electrocution
 h - a +0 shortbow
 q - a +0 short sword
 z - a +2 falchion of draining
Missiles
 k - 22 arrows
 y - 7 steel tomahawks (quivered)
Armour
 p - a +0 robe (worn)
 r - a +0 pair of boots (worn)
 s - a +0 helmet (worn)
Magical Staves
 b - an uncursed staff of energy (weapon)
Jewellery
 t - a +3 ring of intelligence (left hand)
 u - a +3 ring of strength (right hand)
Wands
 o - a wand of acid (8)
Scrolls
 i - 3 scrolls of blinking
 m - 3 scrolls of remove curse
 n - 2 scrolls of amnesia
 A - 2 scrolls of fog
 B - 2 scrolls of enchant armour
Potions
 d - 4 potions of curing
 e - 6 potions of heal wounds
 f - a potion of haste
 g - 4 potions of magic
 l - a potion of invisibility
 v - a potion of brilliance
 w - a potion of resistance
 x - a potion of might
Comestibles
 c - a ration
 j - 12 chunks of flesh


   Skills:
 + Level 2.5 Fighting
 + Level 4.2 Short Blades
 + Level 9.0 Dodging
 - Level 6.8 Stealth
 * Level 15.8 Spellcasting
 + Level 7.1 Conjurations
 * Level 6.9 Charms
 * Level 5.0 Necromancy
 + Level 14.5 Air Magic
 * Level 7.7 Invocations
 + Level 2.8 Evocations


You had 4 spell levels left.
You knew the following spells:

 Your Spells              Type           Power        Failure   Level  Hunger
a - Shock                 Conj/Air       ####         1%          1    None
b - Airstrike             Air            #######...   1%          4    None
c - Death's Door          Chrm/Necr      ######....   100%        8    None
d - Lightning Bolt        Conj/Air       ######....   1%          5    None
e - Bolt of Draining      Conj/Necr      ######....   5%          5    None
f - Deflect Missiles      Chrm/Air       ######....   4%          6    None
g - Borgnjor's Vile Clut  Necr/Erth      ####......   24%         5    None
s - Swiftness             Chrm/Air       ######..     1%          2    None

Your spell library contained the following spells:

 Spells                   Type           Power        Failure   Level  Hunger
 Summon Small Mammal      Summ           ###.         2%          1    None
 Poison Arrow             Conj/Pois      #####.....   65%         6    None
 Sting                    Conj/Pois      ####         1%          1    None
 Stone Arrow              Conj/Erth      #####.       1%          3    None
 Throw Icicle             Conj/Ice       #####...     6%          4    None
 Shadow Creatures         Summ           N/A          98%         6    None
 Ensorcelled Hibernation  Hex/Ice        ###...       3%          2    None
 Silence                  Hex/Air        ######....   3%          5    None
 Static Discharge         Conj/Air       ######..     1%          3    None
 Darkness                 Hex            ###.......   98%         6    None
 Summon Forest            Summ/Tloc      ###.......   56%         5    None


Dungeon Overview and Level Annotations

Branches:
Dungeon (1/1)

Altars:
Cheibriados
Dithmenos
Elyvilon
Fedhas
Gozag
Hepliaklqana
Kikubaaqudgha
Makhleb
Nemelex Xobeh
Okawaru
Qazlal
Ru
Sif Muna
Trog
Uskayaw
Vehumet
Wu Jian
Xom
Yredelemnul
Zin
The Shining One
Beogh
Jiyva
Lugonu


Message History

A lindwurm comes into view.
Casting: Lightning Bolt (safe; 1% risk of failure)
Confirm with . or Enter, or press ? or * to list all spells.
Aiming: Lightning Bolt (safe; 1% risk of failure)
Press: ? - help, Shift-Dir - straight line, f/p - lindwurm
Aim: a lindwurm (moderately wounded, catching its breath)
You hear a mighty clap of thunder!
The bolt of lightning hits the lindwurm.
The lindwurm is heavily wounded.
The bolt of lightning hits the tyrant leech.
You kill the tyrant leech!
Sif Muna accepts your kill.
Your Necromancy skill increases to level 5!
The bolt of lightning hits the tyrant leech.
The tyrant leech is heavily wounded.
The bolt of lightning misses the tyrant leech.
The lindwurm breathes flames at you. The blast of flame hits you!
Ouch! That really hurt!
You die...

▓_▓.▓.▓
▓_▓.▓.▓
▓_▓.▓.▓
▓_▓.▓†▓
▓_▓.▓†▓
▓_▓.▓.▓
▓_▓.▓.▓
▓_▓.▓.▓
▓_▓.▓@▓
▓'▓.▓k▓
▓.▓.▓.▓
▓.▓.▓.▓
▓.▓.▓w▓
▓)▓.▓w▓
▓.▓.▓†▓
▓.▓.▓k▓
▓[▓.▓


You could see 2 tyrant leeches and 2 lindwurms.

Vanquished Creatures
  2 hydras (D)
  A two-headed ogre (D)
  A lindwurm (D)
  A black mamba (D)
  A spiny frog (D)
  A komodo dragon (D)
  A tyrant leech (D)
  A hippogriff (D)
  A yak (D)
  A hungry ghost (D)
  3 water moccasins (D)
  3 porcupines (D)
  An orc warrior (D)
  A black bear (D)
  A centaur (D)
  3 crocodiles (D)
  3 bullfrogs (D)
  A howler monkey (D)
  A crimson imp (D)
  An iguana (D)
  2 worker ants (D)
  2 adders (D)
  A worm (D)
  A dart slug (D)
  A leopard gecko (D)
  A bat skeleton (D)
  A bat zombie (D)
  A ball python skeleton (D)
  4 kobolds (D)
43 creatures vanquished.

Notes
Turn   | Place    | Note
-------+----------+-------------------------------------------
     0 | D        | emperorscorpion the Deep Elf Air Elementalist began the quest for the Orb.
     0 | D        | Reached XP level 1. HP: 10/10 MP: 6/6
    35 | D        | Noticed a centaur
    35 | D        | Noticed a crimson imp
    40 | D        | Killed a centaur
    40 | D        | Reached skill level 5 in Spellcasting
    40 | D        | Reached XP level 2. HP: 14/15 MP: 7/10
    40 | D        | Reached XP level 3. HP: 19/19 MP: 8/12
    40 | D        | Reached XP level 4. HP: 24/24 MP: 8/13
    41 | D        | Reached skill level 6 in Spellcasting
    59 | D        | Found a roughly hewn altar of Beogh.
    59 | D        | Found a snail-covered altar of Cheibriados.
    59 | D        | Found a shadowy altar of Dithmenos.
    59 | D        | Found a white marble altar of Elyvilon.
    59 | D        | Found a blossoming altar of Fedhas.
    59 | D        | Found an opulent altar of Gozag.
    60 | D        | Found a hazy altar of Hepliaklqana.
    74 | D        | Found a viscous altar of Jiyva.
    75 | D        | Found an ancient bone altar of Kikubaaqudgha.
    76 | D        | Found a corrupted altar of Lugonu.
    77 | D        | Found a burning altar of Makhleb.
    78 | D        | Found a sparkling altar of Nemelex Xobeh.
    79 | D        | Found an iron altar of Okawaru.
    80 | D        | Found a stormy altar of Qazlal.
    81 | D        | Found a sacrificial altar of Ru.
    82 | D        | Found a deep blue altar of Sif Muna.
    83 | D        | Found a bloodstained altar of Trog.
    84 | D        | Found a hide-covered altar of Uskayaw.
    85 | D        | Found a radiant altar of Vehumet.
    86 | D        | Found an ornate altar of the Wu Jian Council.
    87 | D        | Found a shimmering altar of Xom.
    88 | D        | Found a basalt altar of Yredelemnul.
    89 | D        | Found a glowing silver altar of Zin.
    90 | D        | Became a worshipper of Sif Muna the Loreminder
    94 | D        | Learned a level 2 spell: Swiftness
    99 | D        | Learned a level 4 spell: Airstrike
    99 | D        | Found a glowing golden altar of the Shining One.
   234 | D        | Noticed a bullfrog
   234 | D        | Noticed a two-headed ogre
   236 | D        | Killed a bullfrog
   236 | D        | Reached skill level 5 in Dodging
   236 | D        | Reached skill level 7 in Spellcasting
   236 | D        | Reached XP level 5. HP: 28/28 MP: 13/17
   241 | D        | Reached * piety under Sif Muna
   242 | D        | Reached skill level 5 in Stealth
   242 | D        | Reached skill level 8 in Spellcasting
   261 | D        | Killed a two-headed ogre
   261 | D        | Reached ** piety under Sif Muna
   261 | D        | Reached *** piety under Sif Muna
   261 | D        | Reached skill level 1 in Fighting
   261 | D        | Reached skill level 10 in Spellcasting
   261 | D        | Reached skill level 1 in Charms
   261 | D        | Reached XP level 6. HP: 34/34 MP: 8/21
   261 | D        | Reached XP level 7. HP: 38/38 MP: 8/23
   302 | D        | Noticed a hungry ghost
   310 | D        | Learned a level 5 spell: Lightning Bolt
   314 | D        | Reached **** piety under Sif Muna
   314 | D        | Reached skill level 1 in Invocations
   314 | D        | Reached XP level 8. HP: 43/43 MP: 13/24
   315 | D        | Reached skill level 11 in Spellcasting
   434 | D        | Noticed a komodo dragon
   434 | D        | Noticed an eight-headed hydra
   434 | D        | Noticed a spiny frog
   438 | D        | Killed a spiny frog
   438 | D        | Reached ***** piety under Sif Muna
   438 | D        | Identified Sif Muna's Grimoire of Helpful Confrontation (Sif Muna gifted it to you in the Dungeon)
   438 | D        | Received a gift from Sif Muna
   438 | D        | Reached skill level 12 in Spellcasting
   438 | D        | Reached skill level 1 in Evocations
   439 | D        | Killed a komodo dragon
   468 | D        | Killed an eight-headed hydra
   468 | D        | Reached skill level 13 in Spellcasting
   468 | D        | Reached skill level 5 in Conjurations
   468 | D        | Reached skill level 5 in Invocations
   468 | D        | Reached XP level 9. HP: 37/48 MP: 19/28
   472 | D        | Identified Sif Muna's Grimoire of Creative Dark Arts (Sif Muna gifted it to you in the Dungeon)
   472 | D        | Received a gift from Sif Muna
   472 | D        | Reached skill level 14 in Spellcasting
   489 | D        | Learned a level 8 spell: Death's Door
   495 | D        | Learned a level 5 spell: Bolt of Draining
   548 | D        | Learned a level 6 spell: Deflect Missiles
   596 | D        | Noticed a black mamba
   599 | D        | Reached skill level 1 in Necromancy
   600 | D        | Noticed a six-headed hydra
   603 | D        | Killed a black mamba
   603 | D        | Reached XP level 10. HP: 23/54 MP: 2/30
   605 | D        | Reached skill level 5 in Charms
   606 | D        | Killed a six-headed hydra
   606 | D        | Reached skill level 15 in Spellcasting
   606 | D        | Received a gift from Sif Muna
   614 | D        | Learned a level 5 spell: Borgnjor's Vile Clutch
   646 | D        | Noticed a lindwurm
   646 | D        | Noticed a lindwurm
   648 | D        | Killed a lindwurm
   649 | D        | Noticed a lindwurm
   650 | D        | Reached skill level 5 in Necromancy
   650 | D        | Killed from afar by a lindwurm

Vault maps used:
D:        linesprint

Skill      XL: |  1  2  3  4  5  6  7  8  9 10 |
---------------+-------------------------------+-----
Air Magic      | 6 8 12 13 14 | 14.5
Dodging        | 4 5 7 8 9 |  9.0
Stealth        | 3 4 6 |  6.8
Spellcasting   | 5 7 10 13 14 15 | 15.8
Conjurations   | 2 3 5 6 7 |  7.1
Fighting       | 1 2 |  2.5
Short Blades   | 2 3 4 |  4.2
Charms         | 1 2 4 6 |  6.9
Invocations    | 1 5 6 7 |  7.7
Evocations     | 1 2 |  2.8
Necromancy     | 3 5 |  5.0

Action                   |  1- 3 |  4- 6 |  7- 9 | 10-12 || total
-------------------------+-------+-------+-------+-------++-------
Melee: Short sword       |     4 |     8 |       |       ||    12
       Rapier            |       |     1 |    13 |       ||    14
 Cast: Shock             |     2 |     8 |       |       ||    10
       Swiftness         |       |     1 |     2 |     1 ||     4
       Lightning Bolt    |       |       |    16 |     7 ||    23
       Airstrike         |       |       |     1 |       ||     1
       Deflect Missiles  |       |       |     1 |       ||     1
Invok: Channel Magic     |       |       |     2 |       ||     2
Evoke: Wand              |       |     1 |     1 |       ||     2
       Staff of energy   |       |       |     4 |     7 ||    11
  Use: Potion            |     1 |       |       |     2 ||     3
       Scroll            |       |       |     2 |       ||     2
 Stab: Sleeping          |       |       |     1 |       ||     1
  Eat: Chunk             |       |       |     1 |     1 ||     2
Armor: Robe              |       |     2 |     2 |       ||     4
Dodge: Dodged            |     3 |    10 |    22 |     3 ||    38

Table legend:
 A = Spawn XP
 B = Non-spawn XP
 C = Spawn XP percentage of total XP
 D = Spawn monster count
 E = Non-spawn monster count
 F = Spawn count percentage of total count
 G = Total turns spent on level
                    A         B        C        D         E        F      G
               +---------+---------+-------+---------+---------+-------+---------
         Total |       0 |    7707 |   0.0 |       0 |      43 |   0.0 |   650
               +---------+---------+-------+---------+---------+-------+---------
             D |       0 |    7707 |   0.0 |       0 |      43 |   0.0 |   650
               +---------+---------+-------+---------+---------+-------+---------
